 Dungeon Crawl Stone Soup version 0.24-a0-108-g011bc4b (console) character file.

Game seed: 11072938329999277884

2795 Voker57 the Carver (level 9, -5/69 HPs)
             Began as a Demonspawn Gladiator on Feb 14, 2019.
             Was a Priest of Okawaru.
             Slain by a hog (8 damage)
             ... on level 7 of the Dungeon.
             The game lasted 00:11:34 (8216 turns).

Voker57 the Carver (Demonspawn Gladiator)           Turns: 8216, Time: 00:11:35

Health: -5/69      AC:  7    Str: 15    XL:     9   Next: 43%
Magic:  14/14      EV: 27    Int: 10    God:    Okawaru [***...]
Gold:   322        SH:  0    Dex: 22    Spells: 8/8 levels left

rFire    + . .     SeeInvis .   a - +0 scimitar
rCold    . . .     Gourm    .   (no shield)
rNeg     . . .     Faith    .   h - +0 leather armour
rPois    .         Spirit   .   (helmet restricted)
rElec    .         Reflect  .   (no cloak)
rCorr    +         Harm     .   (no gloves)
MR       .....                  (no boots)
Stlth    ++++......             i - amulet of rage
HPRegen  0.21/turn              (no ring)
MPRegen  0.14/turn              (no ring)

@: agile, heroism
A: antennae 1, yellow scales 3, fire resistance 1, powered by death 1
a: Heroism, Renounce Religion, Evoke Berserk Rage


You were on level 7 of the Dungeon.
You worshipped Okawaru.
Okawaru was most pleased with you.
You were very hungry.

You visited 1 branch of the dungeon, and saw 7 of its levels.

You collected 322 gold pieces.

Inventory:

Hand Weapons
 a - a +0 scimitar (weapon)
 b - a +2 dagger of venom
 o - a +1 long sword
Armour
 c - a +0 helmet
 g - a +0 leather armour
 h - a +0 leather armour (worn)
 j - a +3 plate armour
Jewellery
 i - an amulet of rage (around neck)
 k - an uncursed ring of fire {unknown}
 n - a cursed ring of attention {unknown}
 s - an uncursed ring of flight {unknown}
Wands
 e - a wand of polymorph (4)
 p - a wand of flame (15)
 v - a wand of digging (3)
Scrolls
 d - 2 scrolls of enchant weapon
 l - 2 scrolls of enchant armour
 q - 4 scrolls of amnesia
Potions
 m - a potion of degeneration
Comestibles
 f - 9 rations


   Skills:
 + Level 6.2(11.2) Fighting
 * Level 8.2(13.2) Long Blades
 - Level 1.7(6.7) Throwing
 + Level 6.0(11.0) Dodging
 + Level 6.7 Invocations


You had 8 spell levels left.
You didn't know any spells.
Your spell library contained the following spells:

 Spells                   Type           Power        Failure   Level  Hunger
 Animate Skeleton         Necr           N/A          41%         1    ##.....
 Pain                     Necr           #...         41%         1    ##.....
 Regeneration             Chrm/Necr      #.........   80%         3    ####...
 Vampiric Draining        Necr           #.........   80%         3    ####...
 Animate Dead             Necr           N/A          99%         4    #####..


Dungeon Overview and Level Annotations

Branches:
Dungeon (7/15)             Temple (0/1) D:4

Altars:
Ashenzari
Gozag
Makhleb
Nemelex Xobeh
Okawaru
Qazlal
Ru
Uskayaw


Innate Abilities, Weirdness & Mutations

You have a pair of small antennae on your head.
You are completely covered in yellow scales. (AC +4, rCorr)
You regenerate a little health from kills.
Your flesh is heat resistant. (rF+)


Message History

The hog completely misses you.
You hit the hog.
The hog is poisoned.
The hog is heavily wounded.
The hog bites you.
* * * LOW HITPOINT WARNING * * *
The hog misses you.
You hit the hog.
The hog looks as sick as possible!
The hog is heavily wounded.
The human hits you with a +0 hand axe.
* * * LOW HITPOINT WARNING * * *
The hog completely misses you.
Your +2 dagger of venom stops dripping with poison.
a - a +0 scimitar (weapon)
The hog misses you.
You feel agile all of a sudden. The hog misses you.
You riposte.
You barely miss the hog. The human hits you with a +0 hand axe.
* * * LOW HITPOINT WARNING * * *
The hog completely misses you. The hog bites you!
You die...

#........#................
###...##..................
#...##........(.........
#..#...................#
##.##..................##
#...#.............###....
##......####.......#.....
#.....##.#.....#'#####.)
##...###p......#{.# ###
##..##@h..#...#..#Y.###
######h###...#.p'h.#.# ###
#####%.#hh#.) %%#..#.)
######.. #.... ##..# ###.
. #..


You could see 2 hogs and a human.

Vanquished Creatures
  2 hippogriffs (D:7)
  A yak (D:7)
  A hog (D:7)
  A water moccasin (D:7)
  An ice beast (D:5)
  A phantom (D:7)
  An orc warrior (D:6)
  2 black bears (D:7)
  A necrophage (D:7)
  A sky beast (D:3)
  An ogre (D:5)
  A centaur (D:6)
  A bullfrog (D:7)
  A scorpion (D:4)
  A howler monkey (D:5)
  2 crimson imps (D:5)
  A quasit (D:5)
  4 hounds
  A jelly (D:6)
  2 orc priests
  4 iguanas
  8 orc wizards
  6 worker ants
  A killer bee zombie (D:7)
  A hound skeleton (D:7)
  A worker ant zombie (D:5)
  12 adders
  4 gnolls (D:5)
  2 shadow imps
  2 oozes (D:2)
  4 dart slugs
  5 worms
  3 leopard geckos (D:1)
  19 orcs
  8 giant cockroaches
  8 goblins
  5 hobgoblins
  13 jackals
  2 kobolds
  3 quokkas
  3 bats
  4 frilled lizards
  A quokka skeleton (D:6)
  4 rats
150 creatures vanquished.

Notes
Turn   | Place    | Note
-------+----------+-------------------------------------------
     0 | D:1      | Voker57 the Demonspawn Gladiator began the quest for the
                  | Orb.
     0 | D:1      | Reached XP level 1. HP: 16/16 MP: 1/1
   143 | D:1      | Reached skill level 3 in Long Blades
   170 | D:1      | Gained mutation: You are partially covered in yellow
                  | scales. (AC +2) [demonic ancestry]
   170 | D:1      | Reached XP level 2. HP: 22/22 MP: 2/2
   748 | D:1      | Gained mutation: You regenerate a little health from kills.
                  | [demonic ancestry]
   748 | D:1      | Reached XP level 3. HP: 16/28 MP: 3/3
   908 | D:2      | Found a stormy altar of Qazlal.
  1056 | D:2      | Gained mutation: You have a pair of small antennae on your
                  | head. [demonic ancestry]
  1056 | D:2      | Reached XP level 4. HP: 31/34 MP: 4/4
  1105 | D:2      | Found a sacrificial altar of Ru.
  1259 | D:2      | Found a sparkling altar of Nemelex Xobeh.
  1531 | D:3      | Found a shattered altar of Ashenzari.
  1571 | D:3      | Found an iron altar of Okawaru.
  1580 | D:3      | Reached skill level 4 in Long Blades
  1591 | D:3      | Became a worshipper of Warmaster Okawaru
  1672 | D:3      | Found a burning altar of Makhleb.
  1808 | D:3      | Noticed a sky beast
  1815 | D:3      | Reached XP level 5. HP: 41/41 MP: 5/5
  1827 | D:3      | Killed a sky beast
  1827 | D:3      | Reached skill level 1 in Invocations
  2242 | D:4      | Reached XP level 6. HP: 33/47 MP: 5/7
  2922 | D:4      | Found a hide-covered altar of Uskayaw.
  2952 | D:4      | Reached skill level 5 in Long Blades
  3253 | D:4      | Found a staircase to the Ecumenical Temple.
  3307 | D:5      | Entered Level 5 of the Dungeon
  3609 | D:5      | Gained mutation: You are weak. (Str -2) [potion of
                  | mutation]
  3609 | D:5      | Gained mutation: Your flesh is heat resistant. (rF+)
                  | [potion of mutation]
  3609 | D:5      | Lost mutation: You are weak. (Str -2) [potion of mutation]
  3651 | D:5      | Reached XP level 7. HP: 19/53 MP: 9/9
  3655 | D:5      | Reached * piety under Okawaru
  4017 | D:5      | HP: 1/54 [ice beast (7)]
  5108 | D:5      | Reached skill level 6 in Long Blades
  5434 | D:6      | Gained mutation: You are mostly covered in yellow scales.
                  | (AC +3) [demonic ancestry]
  5434 | D:6      | Reached XP level 8. HP: 61/61 MP: 11/11
  5455 | D:6      | Reached ** piety under Okawaru
  5920 | D:6      | Reached skill level 5 in Dodging
  6318 | D:6      | Reached skill level 5 in Fighting
  6570 | D:7      | Noticed a hippogriff
  6574 | D:7      | Reached skill level 5 in Invocations
  6722 | D:7      | Reached skill level 7 in Long Blades
  6881 | D:7      | Killed a hippogriff
  7144 | D:7      | Gained mutation: You are completely covered in yellow
                  | scales. (AC +4, rCorr) [demonic ancestry]
  7144 | D:7      | Reached XP level 9. HP: 39/68 MP: 13/13
  7659 | D:7      | Found an opulent altar of Gozag.
  7671 | D:7      | Reached *** piety under Okawaru
  8013 | D:7      | Reached skill level 8 in Long Blades
  8216 | D:7      | HP: 3/69 [human/+0 hand axe (3)]
  8216 | D:7      | Slain by a hog

Levels and vault maps discovered:
D:1:      dpeg_arrival_connections, layout_rooms
D:2:      layout_rooms, marbit_many_paths, lemuel_doored_altar,
          nicolae_qazlal_general_emergency
D:3:      layout_rooms, okawaru_ov_weapons_minmay, nicolae_ashenzari_panopticon,
          first_ration, makhleb_blood_cavern_becter
D:4:      layout_basic, kennysheep_little_box, minmay_temple_entry_poolview,
          serial_bayou_crossing
D:5:      layout_basic, minmay_tree_intersection
D:6:      layout_rooms
D:7:      layout_cave_pools, nicolae_gozag_seed_capital, grunt_livestock,
          minivault_5

Skill      XL: |  1  2  3  4  5  6  7  8  9 |
---------------+----------------------------+-----
Long Blades    | 3 4 5 6 7 8 |  8.2
Dodging        | 3 4 5 6 |  6.0
Fighting       | 3 4 5 6 |  6.2
Invocations    | 1 2 4 5 6 |  6.7
Throwing       | |  1.7

Action                   |  1- 3 |  4- 6 |  7- 9 || total
-------------------------+-------+-------+-------++-------
Melee: Long sword        |    97 |   178 |    79 ||   354
       Dagger            |       |       |   242 ||   242
       Scimitar          |       |       |    56 ||    56
       Punch             |       |       |     2 ||     2
Throw: Throwing net      |     1 |     5 |       ||     6
Invok: Heroism           |       |       |     3 ||     3
Evoke: Wand              |       |     1 |       ||     1
  Use: Scroll            |       |     9 |     3 ||    12
       Potion            |       |     9 |     3 ||    12
 Stab: Held in net/web   |     1 |     1 |       ||     2
       Sleeping          |       |     3 |       ||     3
       Distracted        |       |       |     2 ||     2
  Eat: Chunk             |       |     8 |    15 ||    23
Armor: Leather armour    |    38 |    75 |    99 ||   212
       Skin              |       |    31 |       ||    31
Dodge: Dodged            |    95 |   190 |   354 ||   639
       Rpst.: Long sword |    29 |    50 |    27 ||   106
       Scimitar          |       |       |    14 ||    14

Table legend:
 A = Non-vault XP
 B = Vault XP
 C = Vault XP percentage of total XP
 D = Non-vault monster count
 E = Vault monster count
 F = Vault count percentage of total count
                 A         B        C        D         E       F
            +---------+---------+-------+---------+---------+-------
      Total |    3560 |     433 |  10.8 |     146 |       4 |   2.7
            +---------+---------+-------+---------+---------+-------
        D:1 |      47 |       0 |   0.0 |      14 |       0 |   0.0
        D:2 |      66 |       2 |   2.9 |      21 |       1 |   4.5
        D:3 |     164 |      43 |  20.8 |      11 |       1 |   8.3
        D:4 |     260 |       0 |   0.0 |      21 |       0 |   0.0
        D:5 |     782 |       0 |   0.0 |      28 |       0 |   0.0
        D:6 |     602 |       0 |   0.0 |      21 |       0 |   0.0
        D:7 |    1639 |     388 |  19.1 |      30 |       2 |   6.2
            +---------+---------+-------+---------+---------+-------
